 Seeded DCSS version 0.30-a0-924-g0ad0bf95bc (webtiles) character file.

Game seed: 3125986916090331667 (custom seed)

501 Parcival the Chopper (level 6, 0/56 HPs)
             Began as a Minotaur Fighter on Mar 22, 2023.
             Shot with an arrow by a centaur (3 damage)
             ... on level 4 of the Dungeon.
             The game lasted 00:06:28 (2673 turns).

Parcival the Chopper (Minotaur Fighter)             Turns: 2673, Time: 00:06:28

Health: 0/56       AC: 13    Str: 40    XL:     6   Next: 95%
Magic:  5/5        EV:  9    Int:  5    God:
Gold:   152        SH:  4    Dex:  9    Spells: 5/5 levels left

rFire   . . .      SeeInvis .    a - +1 war axe (heavy)
rCold   . . .      Faith    .    k - +0 buckler of the Hurtling Gods {Str+3}
rNeg    . . .      Spirit   .    s - +1 chain mail of Supple Strength {Harm Str+3}
rPois   .          Reflect  .    (helmet restricted)
rElec   .          Rampage  .    (no cloak)
rCorr   .          Harm     + .  (no gloves)
Will    .....                    e - +1 pair of boots of Insurance {+Blink Str+5 Stlth-} Stlth
                                 (no amulet)
HPRegen 0.29/turn                j - +6 ring of strength
MPRegen 0.09/turn                (no ring)

@: no status effects
A: horns 2, retaliatory headbutt
a: Evoke Blink


You were on level 4 of the Dungeon.
You visited 1 branch of the dungeon, and saw 4 of its levels.

You collected 152 gold pieces.

Inventory:

Hand Weapons
 a - a +1 heavy war axe (weapon)
Armour
 b - a +0 scale mail
 c - a +0 buckler
 e - the +1 pair of boots of Insurance (worn) {+Blink Str+5 Stlth-}
   (You acquired it on level 1 of the Dungeon)

   Str:       It affects your strength (+5).
   +Blink:    It lets you blink.
   Stlth:     It makes you less stealthy.
 k - the +0 buckler of the Hurtling Gods (worn) {Str+3}
   (You acquired it on level 2 of the Dungeon)

   Str:       It affects your strength (+3).
 s - the +1 chain mail of Supple Strength (worn) {Harm Str+3}
   (You found it on level 3 of the Dungeon)

   Str:       It affects your strength (+3).
   Harm:      It increases damage dealt and taken.
Jewellery
 h - an amulet of magic regeneration
 j - a +6 ring of strength (left hand)
 o - an amulet of reflection
 r - an amulet of guardian spirit
 t - a ring of wizardry
Wands
 p - a wand of flame (13)
Scrolls
 g - 2 scrolls of teleportation
 q - a scroll of acquirement
Potions
 d - 2 potions of might
 f - 2 potions of degeneration
 i - 2 potions of heal wounds
 l - a potion of resistance
 m - a potion of lignification
 n - a potion of brilliance {unknown}


   Skills:
 + Level 5.1 Fighting
 + Level 6.0 Axes
 + Level 5.6 Armour
 + Level 1.2 Dodging
 + Level 4.9 Shields


You had 5 spell levels left.
You didn't know any spells.
Your spell library contained the following spells:

 Spells                   Type           Power      Damage    Failure   Level
 Sandblast                Erth           0%         2d4       92%         1
 Passwall                 Tmut/Erth      0%         N/A       98%         2
 Inner Flame              Hex/Fire       0%         N/A       100%        3
 Stone Arrow              Conj/Erth      0%         3d7       100%        3
 Flame Wave               Conj/Fire      0%         2d4       100%        4
 Sticky Flame             Conj/Fire      0%         2d3       100%        4


Dungeon Overview and Level Annotations

Branches:
Dungeon (4/15)
 Temple: D:4-7

Altars:
Hepliaklqana
Okawaru

Shops:
D:3 :


Innate Abilities, Weirdness & Mutations

You have a pair of horns on your head.
You reflexively headbutt those who attack you in melee.


Message History

You feel sick.
You are no longer poisoned.
The centaur shoots an arrow.
The arrow barely misses you.
The dart slug bites you but does no damage.
The centaur shoots an arrow.
You block the arrow. You block the orc priest's attack.
You hear an angry hiss.
Items here: )) ††.
You barely miss the dart slug. You barely miss the orc priest.
The centaur shoots an arrow.
The arrow hits you! You block the orc priest's attack.
An iguana comes into view.
The dart slug bites you but does no damage.
You hit the dart slug. You headbutt the dart slug!
You kill the dart slug!
You barely miss the orc priest.
The centaur shoots an arrow.
The arrow misses you. You block the orc priest's attack.
The centaur shoots an arrow.
The arrow hits you.
* * * LOW HITPOINT WARNING * * *
The orc priest barely misses you. You furiously retaliate!
You headbutt the orc priest.
The centaur shoots an arrow.
The arrow closely misses you.
The centaur shoots an arrow.
The arrow closely misses you. The orc priest closely misses you.
The centaur shoots an arrow.
The arrow closely misses you.
You see here a dart slug corpse.
Unknown command.
You slice the orc priest!!
You kill the orc priest!
The centaur shoots an arrow.
The arrow closely misses you.
The centaur shoots an arrow.
The arrow hits you!
* * * LOW HITPOINT WARNING * * *
You chop the iguana into pieces!!!
You kill the iguana!
The centaur shoots an arrow.
You block the arrow.
The centaur shoots an arrow.
The arrow hits you.
* * * LOW HITPOINT WARNING * * *
Your Axes skill increases to level 6!
The centaur shoots an arrow.
The arrow hits you.
You die...

# +. ##. #.. ..###). .
#....# .. #...?# ...
#....# ....
#..c.###.....
#....@)......
#...)†...####
#........# ###
#........# #..
+....###############.#
#....# #.......##...#
#....# #.......##.###
#....# #.......#..###
###.## #.............


You could see a centaur.

Vanquished Creatures
  A water moccasin (D:4)
  A scorpion (D:4)
  A jelly (D:4)
  2 orc priests (D:4)
  2 iguanas (D:4)
  A sleepcap (D:4)
  Natasha (twice) (D:2)
  A gnoll (D:1)
  3 adders
  A worm (D:2)
  2 dart slugs
  3 orcs
  5 endoplasms
  2 giant cockroaches
  9 goblins
  5 hobgoblins
  4 jackals (D:4)
  10 kobolds
  4 quokkas
  9 ball pythons
  4 bats
  2 frilled lizards
  4 rats
  A bush (D:3)
79 creatures vanquished.

Notes
Turn   | Place    | Note
-------+----------+-------------------------------------------
     0 | D:1      | Parcival the Minotaur Fighter began the quest for the Orb.
     0 | D:1      | Reached XP level 1. HP: 19/19 MP: 0/0
    22 | D:1      | Identified a scroll of acquirement
    22 | D:1      | Acquired the +1 pair of boots of Insurance {+Blink Str+5
                  | Stlth-}
   169 | D:1      | Reached XP level 2. HP: 27/27 MP: 1/1
   537 | D:1      | Reached XP level 3. HP: 16/33 MP: 2/2
   662 | D:2      | Reached skill level 3 in Axes
  1136 | D:2      | Noticed Natasha
  1148 | D:2      | Killed Natasha
  1149 | D:2      | Reached XP level 4. HP: 25/41 MP: 3/3
  1355 | D:2      | Noticed Natasha
  1363 | D:2      | Killed Natasha
  1364 | D:2      | Reached skill level 4 in Axes
  1505 | D:2      | Acquired the +0 buckler of the Hurtling Gods {Str+3}
  1814 | D:3      | Found an iron altar of Okawaru.
  1866 | D:3      | Found Digoh's Book Boutique.
  1979 | D:3      | Identified the +1 chain mail of Supple Strength {Harm
                  | Str+3}
  2337 | D:4      | Noticed a water moccasin
  2339 | D:4      | Found a hazy altar of Hepliaklqana.
  2343 | D:4      | Killed a water moccasin
  2344 | D:4      | Reached XP level 5. HP: 47/47 MP: 4/4
  2412 | D:4      | Reached skill level 5 in Axes
  2412 | D:4      | Reached skill level 5 in Armour
  2412 | D:4      | Reached skill level 1 in Dodging
  2502 | D:4      | Reached XP level 6. HP: 38/55 MP: 5/5
  2667 | D:4      | Reached skill level 5 in Fighting
  2673 | D:4      | Reached skill level 6 in Axes
  2673 | D:4      | Shot with an arrow by a centaur

Illustrated notes

Levels and vault maps discovered:
D:1:      amcnicky_arrival_single_pillar, layout_loops_cross,
          hangedman_glass_garden
D:2:      layout_loops_ring, dk_vineyard_1, uniq_natasha
D:3:      layout_basic, mainiacjoe_overflow_catwalk, serial_forest,
          infiniplex_forest_zigzag_1, infiniplex_forest_split,
          infiniplex_forest_end_double, infiniplex_forest_lined_room_,
          infiniplex_forest_corner_1, infiniplex_forest_lined_room_2,
          serial_shops, nicolae_shop_hallway_stairs
D:4:      layout_basic, old_standard_altar

Skill      XL: |  1  2  3  4  5  6 |
---------------+-------------------+-----
Shields        | 4 |  4.9
Fighting       | 4 5 |  5.1
Armour         | 4 5 |  5.6
Axes           | 3 4 5 6 |  6.0
Dodging        | 1 |  1.2

Action                     |  1- 3 |  4- 6 || total
---------------------------+-------+-------++-------
  Melee: War axe           |    61 |    71 ||   132
         Headbutt          |     4 |    10 ||    14
    Use: Scroll            |     3 |    10 ||    13
 Armour: Scale mail        |    42 |    17 ||    59
         Chain mail        |       |    43 ||    43
  Dodge: Dodged            |    37 |    57 ||    94
  Block: Buckler           |    14 |    27 ||    41

Table legend: (Time is in decaauts)
 A = Elapsed time spent in this place.
 B = Non-inter-level travel time spent in this place.
 C = Inter-level travel time spent in this place.
 D = Time resting spent in this place.
 E = Time spent auto-exploring this place.
 F = Levels seen in this place.
 G = Mean time per level.
                   A        B        C        D        E       F      G
               +--------+--------+--------+--------+--------+-----+--------+
         Total |   2787 |   2724 |     63 |      0 |   2070 |   4 |  696.8 |
       Dungeon |   2787 |   2724 |     63 |      0 |   2070 |   4 |  696.8 |
               +--------+--------+--------+--------+--------+-----+--------+

Top non-repeatable levels by time:
     D:2: 952 daAuts
     D:3: 682 daAuts
     D:1: 664 daAuts
     D:4: 488 daAuts
